 Dungeon Crawl Stone Soup version 0.24-a0-458-gfcb5e6da0e (webtiles) character file.

Game seed: 3555197877634053490

6514 Craser22 the Cleaver (level 10, -5/139 HPs)
             Began as a Minotaur Berserker on June 26, 2019.
             Was an Elder of Trog.
             Slain by a death knight
             ... wielding a +2 broad axe
              (12 damage)
             ... on level 9 of the Dungeon on June 27, 2019.
             The game lasted 00:31:40 (9037 turns).

Craser22 the Cleaver (Minotaur Berserker)           Turns: 9037, Time: 00:31:41

Health: -5/139     AC: 19    Str: 28    XL:     10   Next: 69%
Magic:  0/9        EV:  8    Int:  4    God:    Trog [****..]
Gold:   439        SH:  0    Dex: 12    Spells: 9/9 levels left

rFire    + . .     SeeInvis .   a - +0 war axe
rCold    . . .     Gourm    .   (no shield)
rNeg     . . .     Faith    .   G - +0 plate armour
rPois    .         Spirit   +   (helmet restricted)
rElec    .         Reflect  .   t - +0 cloak
rCorr    .         Harm     .   (no gloves)
MR       +....                  E - +2 pair of boots
Stlth    ..........             r - amulet of guardian spirit
HPRegen  0.33/turn              H - ring of protection from magic
MPRegen  0.11/turn              j - ring of protection from fire

@: berserking, very quick
A: retaliatory headbutt, horns 2
a: Berserk, Trog's Hand, Brothers in Arms, Renounce Religion


You were on level 9 of the Dungeon.
You worshipped Trog.
Trog was greatly pleased with you.
You were not hungry.

You visited 1 branch of the dungeon, and saw 9 of its levels.

You collected 439 gold pieces.


Innate Abilities, Weirdness & Mutations

You reflexively headbutt those who attack you in melee.
You have a pair of horns on your head.


   Skills:
 + Level 10.1 Fighting
 - Level 14.0 Axes
 + Level 9.7 Armour
 - Level 2.1 Dodging


You had 9 spell levels left.
You didn't know any spells.
Your spell library was empty.

Inventory:

Hand Weapons
 a - a +0 war axe (weapon)
 b - a +0 morningstar
Missiles
 h - 424 stones (quivered)
Armour
 t - a +0 cloak (worn)
 E - a +2 pair of boots (worn)
 G - a +0 plate armour (worn)
Jewellery
 j - a ring of protection from fire (right hand)
 r - an amulet of guardian spirit (around neck)
 y - an uncursed ring of flight {unknown}
 B - an uncursed ring of see invisible
 H - a ring of protection from magic (left hand)
 I - an uncursed ring of flight {unknown}
Wands
 J - a wand of acid (7)
Scrolls
 d - 2 scrolls of immolation {!r}
 e - 7 scrolls of remove curse
 m - 3 scrolls of teleportation {unknown}
 n - 3 scrolls of random uselessness {unknown}
 o - 2 scrolls of noise {unknown}
 u - a scroll of fear {unknown}
 w - a scroll of blinking {unknown}
 F - a scroll of amnesia {unknown}
 K - 2 scrolls of enchant armour {unknown}
Potions
 f - a potion of haste {@q3}
 g - a potion of invisibility {unknown}
 i - 3 potions of flight {unknown}
 k - 3 potions of might {unknown}
 l - a potion of berserk rage {unknown}
 p - 3 potions of heal wounds {unknown}
 q - a potion of ambrosia {unknown}
 s - 3 potions of brilliance {unknown}
 v - 2 potions of lignification {unknown}
 z - 3 potions of mutation {unknown}
 C - a potion of magic {unknown}
 D - a potion of cancellation {unknown}
Comestibles
 c - 13 rations

Dungeon Overview and Level Annotations

Branches:
Dungeon (9/15)             Temple (0/1) D:6            Lair (0/6) D:8
    Orc: D:9-12

Altars:
Vehumet
Wu Jian

Shops:
D:7

% ▒▒▒▒+▒▒▒▒▒▒▒▒▒▒▒▒
...........[....▒ ▒▒▒▒
................▒ ▒..▒
......pW........▒ ▒..▒ ▒
.....WzH........▒▒▒ ▒..▒ ▒▒
▒▒▒▒▒▒▒▒▒▒▒▒......▒▒▒..▒ .▒
▒......▒....▒ .▒ ▒......'....▒ .▒
▒......▒....▒ .▒ ▒......▒....▒ .▒
▒ ▒......▒....▒ ▒▒ .▒▒▒ ▒.
▒▒▒▒......▒▒'▒▒▒
▒▒▒▒....▒.▒▒.▒▒▒▒▒....▒'▒▒.......


You could see a death knight, a skeletal warrior, a phantasmal warrior and a
wraith.


Message History

You closely miss the death knight.
You closely miss the phantasmal warrior.
The death knight hits you with a +2 broad axe!!
* * * LOW HITPOINT WARNING * * *
The skeletal warrior hits you but does no damage.
You slash the skeletal warrior!
You headbutt the skeletal warrior, but do no damage.
The skeletal warrior is heavily damaged.
You closely miss the phantasmal warrior.
You hit the death knight but do no damage.
The phantasmal warrior hits you but does no damage.
You closely miss the skeletal warrior.
The skeletal warrior is heavily damaged.
You closely miss the death knight. You hit the phantasmal warrior.
The skeletal warrior hits you with a +0 dire flail!
* * * LOW HITPOINT WARNING * * *
You hit the skeletal warrior.
The skeletal warrior is heavily damaged.
You slice the phantasmal warrior!! You slash the death knight!
The death knight invokes the aid of Yredelemnul against you.
You resist with some effort.
The phantasmal warrior barely misses you.
You hit the skeletal warrior but do no damage.
The skeletal warrior is heavily damaged.
You slash the death knight!
You hit the phantasmal warrior but do no damage.
The death knight hits you with a +2 broad axe!
You die...

Action                   |  1- 3 |  4- 6 |  7- 9 | 10-12 || total
-------------------------+-------+-------+-------+-------++-------
Melee: Hand axe          |   112 |    97 |   220 |       ||   429
       Headbutt          |    15 |    27 |    67 |    38 ||   147
       War axe           |       |       |    76 |   172 ||   248
Invok: Berserk           |       |     2 |     5 |     4 ||    11
  Use: Scroll            |       |     2 |     4 |     2 ||     8
       Potion            |       |     3 |       |       ||     3
  Eat: Chunk             |     4 |     3 |    17 |     8 ||    32
       Ration            |       |     1 |       |       ||     1
Armor: Animal skin       |    16 |       |       |       ||    16
       Ring mail         |    17 |    21 |    31 |       ||    69
       Chain mail        |       |       |    48 |       ||    48
       Plate armour      |       |       |    18 |    95 ||   113
Dodge: Dodged            |    68 |    34 |    86 |    40 ||   228

Levels and vault maps discovered:
D:1:      wheals_arrival_shading, layout_loops_ring
D:2:      layout_basic, chequers_ecumenical_altar_simple_redux, serial_forest,
          infiniplex_forest_zigzag_1, infiniplex_forest_clump_medium,
          infiniplex_forest_lined_2, infiniplex_forest_clump_large,
          infiniplex_forest_fountain, infiniplex_forest_clump_long,
          infiniplex_forest_join, infiniplex_forest_straight_4,
          infiniplex_forest_clump_double, kennysheep_cross_bottleneck
D:3:      layout_loops_ring, first_ration, minmay_misc_feat_encased
D:4:      layout_rooms, fiery_altar_vehumet, minmay_misc_feat_rows
D:5:      layout_loops_ring
D:6:      layout_basic, minmay_temple_entry_mist, basic_altar
D:7:      layout_layer_cave, serial_shops, nicolae_shop_waterfront,
          uniq_duvessa, uniq_joseph
D:8:      cheibrodos_shockbox, layout_loops_corners, lair_entry_dummy,
          grunt_pizzeria, uniq_psyche, uniq_pikel, uniq_grum
D:9:      layout_gridville

Notes
Turn   | Place    | Note
-------+----------+-------------------------------------------
     0 | D:1      | Craser22 the Minotaur Berserker began the quest for the
                  | Orb.
     0 | D:1      | Reached XP level 1. HP: 19/19 MP: 0/0
    96 | D:1      | Reached skill level 4 in Axes
   193 | D:1      | Reached XP level 2. HP: 21/26 MP: 1/1
   810 | D:1      | Reached ** piety under Trog
   930 | D:2      | Reached skill level 5 in Axes
   937 | D:2      | Reached XP level 3. HP: 29/31 MP: 2/2
  1397 | D:2      | Found a faded altar of an unknown god.
  2058 | D:2      | Reached skill level 6 in Axes
  2058 | D:2      | Reached XP level 4. HP: 36/39 MP: 3/3
  2953 | D:4      | Noticed an ogre
  2963 | D:4      | Killed an ogre
  2963 | D:4      | Reached skill level 7 in Axes
  2963 | D:4      | Reached XP level 5. HP: 45/45 MP: 4/4
  3061 | D:4      | Found a radiant altar of Vehumet.
  3075 | D:4      | Reached skill level 8 in Axes
  3075 | D:4      | Reached XP level 6. HP: 13/51 MP: 5/5
  3077 | D:4      | Identified a potion of resistance
  3460 | D:4      | Reached skill level 9 in Axes
  3463 | D:4      | Reached *** piety under Trog
  3463 | D:4      | Reached XP level 7. HP: 57/57 MP: 6/6
  3633 | D:4      | Reached skill level 10 in Axes
  3920 | D:5      | Entered Level 5 of the Dungeon
  4249 | D:5      | Reached skill level 11 in Axes
  4533 | D:5      | Reached XP level 8. HP: 62/64 MP: 5/7
  5117 | D:6      | Found an ornate altar of the Wu Jian Council.
  5273 | D:6      | Reached skill level 12 in Axes
  5559 | D:6      | Found a staircase to the Ecumenical Temple.
  5808 | D:7      | Found Inkitej's Food Boutique.
  5916 | D:7      | Noticed Duvessa
  5916 | D:7      | Noticed Dowan
  5921 | D:7      | Killed Duvessa
  5921 | D:7      | Reached skill level 13 in Axes
  5922 | D:7      | Killed Dowan
  6082 | D:7      | Noticed Joseph
  6093 | D:7      | Killed Joseph
  6093 | D:7      | Reached XP level 9. HP: 70/70 MP: 4/8
  6104 | D:7      | Reached **** piety under Trog
  6222 | D:7      | Reached skill level 14 in Axes
  6325 | D:7      | Reached skill level 4 in Fighting
  6325 | D:7      | Reached skill level 3 in Armour
  6768 | D:7      | Reached skill level 4 in Armour
  6904 | D:8      | Found a runed translucent door.
  6936 | D:8      | Reached skill level 5 in Fighting
  6957 | D:8      | Noticed Pikel
  6968 | D:8      | Killed Pikel
  6968 | D:8      | Reached skill level 6 in Fighting
  6968 | D:8      | Reached skill level 5 in Armour
  6975 | D:8      | Reached skill level 6 in Armour
  6981 | D:8      | Received a gift from Trog
  7072 | D:8      | Found a staircase to the Lair.
  7139 | D:8      | Reached skill level 7 in Fighting
  7258 | D:8      | Noticed a sixfirhy
  7320 | D:8      | Reached skill level 7 in Armour
  7354 | D:8      | Reached XP level 10. HP: 88/88 MP: 9/9
  7460 | D:8      | Noticed Grum
  7478 | D:8      | Reached skill level 8 in Fighting
  7486 | D:8      | Killed Grum
  7978 | D:8      | Received a gift from Trog
  7978 | D:8      | Reached skill level 8 in Armour
  7990 | D:8      | Noticed Psyche
  7996 | D:8      | Killed Psyche
  8235 | D:8      | Killed a sixfirhy
  8235 | D:8      | Reached skill level 9 in Fighting
  8324 | D:9      | Reached skill level 9 in Armour
  8744 | D:9      | Reached skill level 10 in Fighting
  9020 | D:9      | Noticed a skeletal warrior
  9021 | D:9      | Noticed a death knight
  9022 | D:9      | Noticed a phantasmal warrior
  9035 | D:9      | HP: 7/139 [skeletal warrior/+0 dire flail[a death knight]
                  | (16)]
  9037 | D:9      | Slain by a death knight

Vanquished Creatures
  A sixfirhy (D:8)
  Pikel (D:8)
  Joseph (D:7)
  Psyche (D:8)
  2 hippogriffs
  3 yaks (D:9)
  A human (D:8)
  Grum (D:8)
  Duvessa (D:7)
  A water moccasin (D:8)
  2 ice beasts
  3 orc warriors
  2 sky beasts
  A black bear (D:8)
  2 phantoms (D:8)
  A centaur (D:9)
  6 ogres
  2 wolves (D:8)
  5 bullfrogs
  Dowan (D:7)
  7 scorpions
  A howler monkey (D:7)
  6 crimson imps
  A centaur zombie (D:8)
  2 bullfrog zombies (D:5)
  3 hounds
  2 orc priests
  2 jellies
  8 orc wizards
  A bullfrog skeleton (D:4)
  An iguana (D:8)
  9 worker ants
  A hound zombie (D:5)
  3 adders
  A shadow imp (D:8)
  An adder zombie (D:9)
  6 worms
  2 dart slugs
  4 leopard geckos
  29 orcs
  6 giant cockroaches
  6 goblins
  6 hobgoblins
  19 jackals
  3 quokkas
  3 ball pythons (D:2)
  8 bats
  A frilled lizard (D:4)
  3 jackal zombies
  10 kobolds
  A leopard gecko skeleton (D:5)
  A quokka skeleton (D:5)
  2 quokka zombies
  6 rats
  A plant (D:2)
204 creatures vanquished.

Vanquished Creatures (others)
  3 slaves (D:8)
  A wolf (D:8)
  2 bullfrogs (D:8)
  An orc (D:8)
  A jackal (D:8)
  A frilled lizard (D:4)
9 creatures vanquished.

Grand Total: 213 creatures vanquished
